 Dungeon Crawl Stone Soup version 0.27-a0-1529-g1e82c303ef (webtiles) character file.

Game seed: 10343864828382507824

9625 Sin92 the Protected (level 11, -6/75 HPs)
             Began as a Demonspawn Fighter on July 10, 2021.
             Was a High Priest of Okawaru.
             Mangled by an apocalypse crab (15 damage)
             ... on level 2 of the Abyss on July 11, 2021.
             The game lasted 00:26:42 (10033 turns).

Sin92 the Protected (Demonspawn Fighter)           Turns: 10033, Time: 00:26:43

Health: -6/75      AC: 31    Str: 21    XL:     11   Next: 25%
Magic:  0/16       EV:  7    Int: 10    God:    Okawaru [*****.]
Gold:   281        SH: 14    Dex: 11    Spells: 10/10 levels left

rFire    + . .     SeeInvis .   a - +3 war axe (flame)
rCold    . . .     Faith    .   c - +4 kite shield
rNeg     . . .     Spirit   +   w - +3 plate armour {rF+}
rPois    .         Reflect  .   g - +1 hat
rElec    +         Harm     .   u - +2 cloak {Stlth+}
rCorr    +         Rampage  .   i - +0 pair of gloves
Will     .....                  y - +2 pair of boots
Stlth    ..........             (no amulet)
HPRegen  0.22/turn              l - ring of resist corrosion
MPRegen  0.30/turn              (no ring)

@: mighty, unable to read, studying Armour
A: antennae 1, slimy green scales 2, powered by death 2, magic shield, magic
regeneration, clumsy 1, deterioration 1, frail 1, electricity resistance, strong
1, inability to read while threatened
a: Renounce Religion, Heroism, Finesse


You were on level 2 of the Abyss.
You worshipped Okawaru.
Okawaru was extremely pleased with you.
You visited 2 branches of the dungeon, and saw 10 of its levels.
You visited the Abyss 1 time.
You also visited: Ossuary.

You collected 1009 gold pieces.
You spent 728 gold pieces at shops.

Inventory:

Hand Weapons
 a - a +3 war axe of flaming (weapon)
 n - a +3 halberd
 r - the +2 spear of the Equinox {freeze, rPois Will+ Dex+4}
   (You took it off an orc on level 7 of the Dungeon)

   It has been specially enchanted to freeze those struck by it, causing extra
   injury to most foes and up to half again as much damage against particularly
   susceptible opponents.
   It can also slow down cold-blooded creatures.
   Dex:       It affects your dexterity (+4).
   rPois:     It protects you from poison.
   Will:      It increases your willpower.
Missiles
 f - 4 silver boomerangs (quivered)
Armour
 c - a +4 kite shield (worn)
 g - a +1 hat (worn)
 i - a +0 pair of gloves (worn)
 u - a +2 cloak of stealth (worn)
 w - a +3 plate armour of fire resistance (worn)
 y - a +2 pair of boots (worn)
Jewellery
 l - a ring of resist corrosion (left hand)
Wands
 t - a wand of flame (13)
Scrolls
 b - 2 scrolls of teleportation
 k - 4 scrolls of magic mapping
 q - a scroll of noise
 v - a scroll of amnesia
Potions
 d - a potion of brilliance
 e - a potion of cancellation
 h - a potion of magic
 j - 2 potions of ambrosia
 m - a potion of resistance
 o - a potion of haste
 p - 2 potions of lignification
 s - a potion of flight
 x - a potion of curing
 z - a potion of heal wounds {unknown}


   Skills:
 + Level 7.4 Fighting
 + Level 6.5(6.7) Axes
 - Level 2.6(4.9) Polearms
 * Level 12.4 Armour
 + Level 5.9 Dodging
 + Level 6.7 Shields
 + Level 7.2 Invocations


You had 10 spell levels left.
You didn't know any spells.
Your spell library contained the following spells:

 Spells                   Type           Power      Damage    Failure   Level
 Summon Small Mammal      Summ           0%         N/A       100%        1
 Slow                     Hex            0%         N/A       100%        2
 Call Canine Familiar     Summ           0%         N/A       100%        3
 Confusing Touch          Hex            0%         N/A       100%        3
 Portal Projectile        Hex/Tloc       0%         N/A       100%        3
 Stone Arrow              Conj/Erth      0%         3d7       100%        3
 Summon Guardian Golem    Hex/Summ       0%         N/A       100%        3
 Tukima's Dance           Hex            0%         N/A       100%        3
 Vampiric Draining        Necr           0%         2d6       100%        3
 Animate Armour           Summ/Erth      0%         N/A       100%        4
 Leda's Liquefaction      Hex/Erth       0%         N/A       100%        4
 Passage of Golubria      Tloc           N/A        N/A       100%        4
 Yara's Violent Unravell  Hex/Tmut       0%         3d3       100%        5
 Lehudib's Crystal Spear  Conj/Erth      0%         10d2      100%        8


Dungeon Overview and Level Annotations

Branches:
Dungeon (9/15)             Temple (1/1) D:5         Ossuary (visited)
   Lair: D:8-11         Orc: D:9-12

Altars:
Ashenzari
Elyvilon
Fedhas
Kikubaaqudgha
Okawaru
Qazlal
Ru
Trog
Uskayaw
Wu Jian
Zin
The Shining One

Shops:
D:6 [*

Annotations:
D:9 Psyche


Innate Abilities, Weirdness & Mutations

You have a pair of small antennae on your head.
You are mostly covered in slimy green scales. (AC +3)
You regenerate health from kills.
When hurt, damage is shared between your health and your magic reserves.
You regenerate magic rapidly.
You are clumsy. (Dex -2)
Your body sometimes deteriorates upon taking damage.
You are frail. (-10% HP)
You are resistant to electric shocks. (rElec)
Your muscles are strong. (Str +2)
You sometimes lose the ability to read scrolls when taking damage.


Message History

You hit the large abomination. You burn the large abomination.
You block the apocalypse crab's attack. x2
The large abomination hits you but does no damage.
The apocalypse crab bites you but does no damage.
The apocalypse crab claws you but does no damage.
You hit the apocalypse crab.
The apocalypse crab is heavily wounded.
You hit the large abomination but do no damage.
You block the apocalypse crab's attack.
The apocalypse crab claws you but does no damage.
The great orb of eyes gazes at you.
Your mind is blasted!
* * * LOW HITPOINT WARNING * * *
The large abomination hits you but does no damage.
You slash the great orb of eyes! You burn the great orb of eyes.
The great orb of eyes is moderately wounded.
You hit the apocalypse crab but do no damage.
You hit the large abomination but do no damage.
You block the apocalypse crab's attack. x2
The great orb of eyes bites you but does no damage.
You block the large abomination's attack.
You barely miss the great orb of eyes.
The great orb of eyes is moderately wounded.
You hit the apocalypse crab but do no damage.
You slash the large abomination! You burn the large abomination.
The apocalypse crab bites you but does no damage.
The apocalypse crab claws you but does no damage.
You block the great orb of eyes's attack.
The large abomination hits you but does no damage.
You block the apocalypse crab's attack.
The apocalypse crab claws you but does no damage.
The great orb of eyes bites you but does no damage.
You slash the great orb of eyes! You burn the great orb of eyes.
The great orb of eyes is heavily wounded.
You hit the apocalypse crab but do no damage.
You slash the large abomination! You burn the large abomination.
The apocalypse crab bites you.
* * * LOW HITPOINT WARNING * * *
The apocalypse crab freezes you!!
You die...

≈≈#.....#...
≈≈.........
$≈≈......... ).
.≈≈............
#≈≈≈..# ....#
#≈≈≈.### .. ##
#.X≈≈.#.....#.
..###G@t≈≈....###.
.#......≈≈≈...##..
..........!≈......
.............##..##
............≈≈#..##
.............≈.. ..
..............≈....
##......##...##≈.##
#...... ...##≈≈≈#


You could see a great orb of eyes, an apocalypse crab and a large abomination.

Vanquished Creatures
  A tentacled starspawn (Abyss:2)
  Gastronok (D:8)
  A boulder beetle (D:8)
  A two-headed ogre (D:7)
  Maggie (D:8)
  A yaktaur (shapeshifter) (Abyss:2)
  Sigmund (D:2)
  A wyvern (D:7)
  Grum (D:8)
  A neqoxec (Abyss:2)
  A water moccasin (D:7)
  A hornet zombie (D:7)
  2 sky beasts
  An ice beast (D:7)
  A black bear (D:6)
  2 orc warriors
  An ogre (D:6)
  4 wolves (D:8)
  A phantom (D:5)
  4 centaurs
  A kobold brigand (D:7)
  2 elf zombies (Ossuary)
  3 bullfrogs
  A gnoll sergeant (D:9)
  A wyvern zombie (D:5)
  3 scorpions
  5 killer bees
  11 wights
  4 howler monkeys
  3 centaur zombies (Ossuary)
  2 hounds (D:5)
  A human zombie (Ossuary)
  A bullfrog zombie (D:5)
  5 jellies
  4 orc priests
  Crazy Yiuf (D:7)
  A bullfrog skeleton (D:5)
  Terence (D:2)
  7 orc wizards
  2 iguanas
  Natasha (thrice) (D:2)
  A killer bee zombie (D:7)
  3 mummies (Ossuary)
  Robin (D:4)
  A howler monkey skeleton (D:4)
  7 gnolls
  4 river rats (D:7)
  7 adders
  A shadow imp (D:6)
  3 white imps
  An ufetubus (D:3)
  4 adder zombies (Ossuary)
  An adder skeleton (D:4)
  2 worms (D:3)
  4 dart slugs
  22 orcs
  4 ball pythons
  2 endoplasms
  3 giant cockroaches
  12 goblins
  8 hobgoblins
  2 jackals (D:2)
  2 quokkas (D:5)
  2 bats
  4 frilled lizards
  3 goblin zombies (Ossuary)
  5 hobgoblin zombies (Ossuary)
  3 jackal zombies (Ossuary)
  11 kobolds
  4 kobold zombies (Ossuary)
  2 orc zombies (Ossuary)
  3 quokka zombies (Ossuary)
  A rat (D:3)
  3 rat zombies (Ossuary)
  A starspawn tentacle (Abyss:2)
227 creatures vanquished.

Vanquished Creatures (others)
  An ogre (D:6)
  An orc priest (D:6)
  2 orc wizards
  67 plants (D:7)
  3 starspawn tentacles (Abyss:2)
74 creatures vanquished.

Grand Total: 301 creatures vanquished

Notes
Turn   | Place    | Note
-------+----------+-------------------------------------------
     0 | D:1      | Sin92 the Demonspawn Fighter began the quest for the Orb.
     0 | D:1      | Reached XP level 1. HP: 18/18 MP: 1/1
   181 | D:1      | Found a faded altar of an unknown god.
   428 | D:1      | Gained mutation: You are partially covered in slimy green
                  | scales. (AC +2) [demonic ancestry]
   428 | D:1      | Reached XP level 2. HP: 24/24 MP: 2/2
   841 | D:2      | Identified a scroll of acquirement
   841 | D:2      | Acquired a manual of Armour
   848 | D:2      | Noticed Terence
   860 | D:2      | Killed Terence
   861 | D:2      | Reached skill level 3 in Armour
   861 | D:2      | Reached XP level 3. HP: 15/29 MP: 3/3
  1094 | D:2      | Reached skill level 1 in Dodging
  1251 | D:2      | Gained mutation: You regenerate magic rapidly. [demonic
                  | ancestry]
  1251 | D:2      | Reached XP level 4. HP: 32/35 MP: 4/4
  1336 | D:2      | Noticed Sigmund
  1357 | D:2      | Killed Sigmund
  1358 | D:2      | Reached skill level 4 in Armour
  1358 | D:2      | Gained mutation: You regenerate a little health from kills.
                  | [demonic ancestry]
  1358 | D:2      | Reached XP level 5. HP: 11/42 MP: 5/5
  1739 | D:2      | Noticed Natasha
  1748 | D:2      | Killed Natasha
  2073 | D:2      | Noticed Natasha
  2085 | D:2      | Killed Natasha
  2086 | D:2      | Reached skill level 5 in Armour
  2086 | D:2      | Gained mutation: You regenerate health from kills. [demonic
                  | ancestry]
  2086 | D:2      | Reached XP level 6. HP: 8/48 MP: 6/6
  2788 | D:2      | Noticed Natasha
  2794 | D:2      | Killed Natasha
  4004 | D:4      | Noticed Robin
  4014 | D:4      | Killed Robin
  4040 | D:4      | Acquired 555 gold pieces
  4234 | D:4      | Reached skill level 6 in Armour
  4234 | D:4      | Gained mutation: You have a pair of small antennae on your
                  | head. [demonic ancestry]
  4234 | D:4      | Reached XP level 7. HP: 33/54 MP: 7/7
  4840 | D:5      | Entered Level 5 of the Dungeon
  5295 | D:5      | Reached skill level 7 in Armour
  5485 | D:5      | Found a staircase to the Ecumenical Temple.
  5523 | Temple   | Entered the Ecumenical Temple
  5548 | Temple   | Became a worshipper of Warmaster Okawaru
  5647 | D:5      | Gained mutation: You are mostly covered in slimy green
                  | scales. (AC +3) [demonic ancestry]
  5647 | D:5      | Reached XP level 8. HP: 61/61 MP: 8/8
  5702 | D:6      | Found Paekyeq's Antique Armour Shoppe.
  5739 | D:5      | Reached skill level 1 in Invocations
  5750 | D:5      | Reached skill level 5 in Fighting
  5778 | D:6      | Bought a runed plate armour for 728 gold pieces
  5804 | D:6      | Reached * piety under Okawaru
  5805 | D:6      | Reached skill level 8 in Armour
  6456 | D:6      | Found Xodoenuf's Overcharged Wands.
  6732 | D:6      | Reached skill level 5 in Shields
  6792 | D:6      | Reached skill level 9 in Armour
  6792 | D:6      | Gained mutation: When hurt, damage is shared between your
                  | health and your magic reserves. [demonic ancestry]
  6792 | D:6      | Reached XP level 9. HP: 62/68 MP: 11/11
  7099 | D:7      | Found a sand-covered staircase.
  7190 | Ossuary  | Entered an ossuary
  7251 | Ossuary  | Gained mutation: You are clumsy. (Dex -2) [potion of
                  | mutation]
  7251 | Ossuary  | Gained mutation: You are resistant to electric shocks.
                  | (rElec) [potion of mutation]
  7251 | Ossuary  | Gained mutation: You sometimes lose the ability to read
                  | scrolls when taking damage. [potion of mutation]
  7251 | Ossuary  | Gained mutation: Your muscles are strong. (Str +2) [potion
                  | of mutation]
  7318 | Ossuary  | Reached ** piety under Okawaru
  7507 | D:7      | Found a runed translucent door.
  7508 | D:7      | Noticed Crazy Yiuf
  7591 | D:7      | Reached skill level 5 in Axes
  7610 | D:7      | Noticed a two-headed ogre
  7621 | D:7      | Killed a two-headed ogre
  7622 | D:7      | Reached skill level 10 in Armour
  7802 | D:7      | Reached skill level 5 in Invocations
  7863 | D:7      | Reached *** piety under Okawaru
  7925 | D:7      | Found an ornate altar of the Wu Jian Council.
  7928 | D:7      | Identified the +2 spear of the Equinox {freeze, rPois Will+
                  | Dex+4}
  7948 | D:7      | Reached XP level 10. HP: 77/77 MP: 13/13
  7959 | D:7      | Upgraded the game from 0.27-a0-1525-g1038ab4fd7 to
                  | 0.27-a0-1529-g1e82c303ef
  8328 | D:7      | Killed Crazy Yiuf
  8441 | D:8      | Noticed Maggie
  8462 | D:8      | Killed Maggie
  8463 | D:8      | Reached skill level 5 in Dodging
  8464 | D:8      | Noticed a boulder beetle
  8508 | D:8      | Killed a boulder beetle
  8508 | D:8      | Reached **** piety under Okawaru
  8509 | D:8      | Reached skill level 1 in Polearms
  8509 | D:8      | Reached skill level 11 in Armour
  8688 | D:8      | Noticed Grum
  8709 | D:8      | Killed Grum
  8904 | D:8      | Noticed Gastronok
  8920 | D:8      | Killed Gastronok
  8920 | D:8      | Received a gift from Okawaru
  8920 | D:8      | Reached ***** piety under Okawaru
  9875 | D:9      | Reached skill level 12 in Armour
  9875 | D:9      | Reached XP level 11. HP: 84/84 MP: 16/16
  9940 | D:9      | Noticed Psyche
  9949 | D:9      | Cast into level 2 of the Abyss (Psyche)
 10018 | Abyss:2  | Noticed a tentacled starspawn
 10022 | Abyss:2  | Gained mutation: Your body sometimes deteriorates upon
                  | taking damage. [a neqoxec]
 10023 | Abyss:2  | Gained mutation: You are frail. (-10% HP) [a neqoxec]
 10025 | Abyss:2  | Noticed a great orb of eyes
 10026 | Abyss:2  | Killed a tentacled starspawn
 10026 | Abyss:2  | Received a gift from Okawaru
 10033 | Abyss:2  | Mangled by an apocalypse crab

Illustrated notes

Levels and vault maps discovered:
D:1:      roderic_octagonal_star, layout_rooms,
          ebering_ecumenical_altar_abandoned
D:2:      layout_basic, hangedman_decor_clover_reticule, uniq_terence,
          uniq_sigmund, uniq_natasha
D:3:      layout_loops_corners
D:4:      layout_loops_cross, chequers_serial_rivers_micro_d, uniq_robin
D:5:      layout_gridville, minmay_temple_entry_arrows
D:6:      layout_rooms, serial_shops, shop, eino_small_chamber_without_monster,
          nicolae_shop_overcharged_wands
D:7:      wad_woods_stonehenge, layout_basic, nicolae_ossuary_entry_ruins,
          minmay_misc_feat_iff, uniq_crazy_yiuf_cottage
D:8:      lemuel_ice_spiral_2, layout_basic, minmay_misc_feat_doors, uniq_grum,
          uniq_gastronok, uniq_maggie
D:9:      layout_long_grid, kennysheep_mini_moat, fountainhead, nrook_uturn,
          uniq_psyche, uniq_harold, uniq_pikel
Temple:   compressed_dpeg_triangle_lava_temple
Abyss:2:  base: D:7, hangedman_abyss_batty_box

Skill      XL: |  1  2  3  4  5  6  7  8  9 10 11 |
---------------+----------------------------------+-----
Axes           | 2 3 4 5 6 |  6.5
Armour         | 3 4 5 6 7 9 10 12 | 12.4
Shields        | 3 4 5 6 |  6.7
Dodging        | 1 2 3 4 5 |  5.9
Fighting       | 4 5 6 7 |  7.4
Invocations    | 3 5 6 7 |  7.2
Polearms       | 2 |  2.6

Action                   |  1- 3 |  4- 6 |  7- 9 | 10-12 || total
-------------------------+-------+-------+-------+-------++-------
Melee: War axe           |    51 |   114 |   451 |   206 ||   822
Invok: Heroism           |       |       |     2 |     2 ||     4
  Use: Scroll            |     4 |     5 |    14 |     2 ||    25
       Potion            |       |     1 |     6 |     1 ||     8
 Stab: Invisible         |       |       |     2 |     4 ||     6
Armor: Scale mail        |    21 |       |       |       ||    21
       Chain mail        |     6 |    72 |    82 |       ||   160
       Plate armour      |       |       |   208 |   112 ||   320
       Skin              |       |       |       |     5 ||     5
Dodge: Dodged            |    12 |    17 |   108 |    58 ||   195
Block: Kite shield       |    25 |    68 |   412 |   178 ||   683

Table legend: (Time is in decaauts)
 A = Elapsed time spent in this place.
 B = Non-inter-level travel time spent in this place.
 C = Inter-level travel time spent in this place.
 D = Time resting spent in this place.
 E = Time spent auto-exploring this place.
 F = Levels seen in this place.
 G = Mean time per level.
                   A        B        C        D        E       F      G
               +--------+--------+--------+--------+--------+-----+--------+
         Total |  10419 |  10116 |    303 |   1350 |   6210 |  12 |  868.2 |
       Dungeon |   9975 |   9680 |    295 |   1323 |   6107 |   9 | 1108.3 |
        Temple |     34 |     26 |      8 |      0 |      0 |   1 |   34.0 |
         Abyss |     94 |     94 |      0 |     27 |      0 |   1 |   94.0 |
       Ossuary |    315 |    315 |      0 |      0 |    103 |   1 |  315.0 |
               +--------+--------+--------+--------+--------+-----+--------+

Top non-repeatable levels by time:
     D:2: 2068 daAuts
     D:8: 1425 daAuts
     D:6: 1294 daAuts
     D:3: 1135 daAuts
     D:7: 1131 daAuts
     D:5: 951 daAuts
     D:4: 919 daAuts
     D:1: 822 daAuts
 Ossuary: 315 daAuts
     D:9: 226 daAuts
 Abyss:2: 94 daAuts
  Temple: 34 daAuts
